 Dungeon Crawl Stone Soup version 0.23.0 (webtiles) character file.

Game seed: 9824207388231002144

319 HEYYEYAAE the Bolt Thrower (level 6, -1/43 HPs)
             Began as an Octopode Hunter on Feb 11, 2019.
             Slain by a killer bee zombie (6 damage)
             ... on level 5 of the Dungeon.
             The game lasted 00:02:52 (3422 turns).

HEYYEYAAE the Bolt Thrower (Octopode Hunter)        Turns: 3422, Time: 00:02:53

Health: -1/43      AC:  1    Str: 11    XL:     6   Next: 46%
Magic:  6/6        EV: 15    Int: 14    God:
Gold:   170        SH:  0    Dex: 14    Spells: 5/5 levels left

rFire    . . .     SeeInvis .   a - +1 hand crossbow
rCold    . . .     Gourm    .   (no shield)
rNeg     . . .     Faith    .   (helmet restricted)
rPois    .         Spirit   .   (no amulet)
rElec    .         Reflect  .   (no ring)
rCorr    .         Harm     .   (no ring)
MR       .....                  t - ring of stealth
Stlth    ++++......             (no ring)
HPRegen  0.14/turn              (no ring)
MPRegen  0.10/turn              (no ring)
                                (no ring)
                                (no ring)

@: about to teleport
A: almost no armour, stealthy swim, amphibious, 8 rings, constrict 8, camouflage
1, gelatinous body 1
a: no special abilities


You were on level 5 of the Dungeon.
You were not hungry.

You visited 1 branch of the dungeon, and saw 5 of its levels.

You collected 170 gold pieces.

Inventory:

Hand Weapons
 a - a +1 hand crossbow (weapon)
 b - a +0 short sword
Missiles
 c - 10 bolts (quivered)
Jewellery
 t - a ring of stealth (on tentacle)
Wands
 m - a wand of polymorph (9)
 q - a wand of flame (16)
 v - a wand of disintegration (18)
Scrolls
 e - a scroll of fear {unknown}
 f - a scroll of teleportation
 g - 2 scrolls of fog
 h - a scroll of noise {unknown}
 j - a scroll of blinking {unknown}
 k - 2 scrolls of magic mapping
 p - a scroll of enchant armour
 s - a scroll of remove curse
Potions
 i - a potion of mutation {unknown}
 o - a potion of ambrosia {unknown}
Comestibles
 d - 13 rations


   Skills:
 + Level 4.1 Fighting
 + Level 5.4 Crossbows
 + Level 4.1 Dodging
 - Level 1.3 Stealth


You had 5 spell levels left.
You didn't know any spells.
Your spell library was empty.

Dungeon Overview and Level Annotations

Branches:
Dungeon (5/15)
 Temple: D:4-7

Altars:
Dithmenos
Elyvilon
Sif Muna


Innate Abilities, Weirdness & Mutations

You cannot wear most types of armour.
You are very stealthy in the water. (Stealth+)
You are amphibious.
You can wear up to eight rings at the same time.
You can use your tentacles to constrict eight enemies at once.
Your skin changes colour to match your surroundings (Stealth+).
Your rubbery body absorbs attacks. (AC +1, EV +1)


Message History

You are too injured to fight recklessly!
You are too injured to fight recklessly!
You are too injured to fight recklessly!
You are too injured to fight recklessly!
You are too injured to fight recklessly!
You are too injured to fight recklessly!
You are too injured to fight recklessly!
There are monsters nearby!
The killer bee zombie barely misses you.
The killer bee zombie hits you!
* * * LOW HITPOINT WARNING * * *
You see here a worker ant corpse.
The killer bee zombie hits you.
* * * LOW HITPOINT WARNING * * *
Okay, then.
As you read the scroll of teleportation, it crumbles to dust.
You feel strangely unstable. The killer bee zombie hits you.
* * * LOW HITPOINT WARNING * * *
The gnoll closely misses you. The killer bee zombie hits you.
You die...

#.....# #.....#
#.....# #...[.#
#.....#...
#.....#..#
+..........
#......###.
.###+##@.......#
.....>.Z...###.#
.......g.....#...
.......(.....# ..
.......(.......
.......(.(......
####+##(........
#.(..(...
+((......


You could see a gnoll and a killer bee zombie.

Vanquished Creatures
  Blork the orc (D:4)
  A centaur skeleton (D:4)
  2 orc wizards
  A bullfrog skeleton (D:5)
  A worker ant (D:5)
  An adder (D:4)
  3 gnolls
  2 adder skeletons (D:4)
  2 worms
  A dart slug (D:1)
  2 leopard geckos
  8 orcs
  3 giant cockroaches
  6 hobgoblins
  A quokka (D:4)
  8 bats
  5 frilled lizards
  5 goblins
  8 kobolds
  A quokka skeleton (D:4)
  6 rats
68 creatures vanquished.

Vanquished Creatures (others)
  An orc (D:4)
1 creature vanquished.

Grand Total: 69 creatures vanquished

Notes
Turn   | Place    | Note
-------+----------+-------------------------------------------
     0 | D:1      | HEYYEYAAE the Octopode Hunter began the quest for the Orb.
     0 | D:1      | Reached XP level 1. HP: 14/14 MP: 1/1
   171 | D:1      | Reached XP level 2. HP: 19/19 MP: 2/2
   770 | D:2      | Reached XP level 3. HP: 25/25 MP: 3/3
  1505 | D:2      | HP: 1/25 [gnoll/+0 whip (4)]
  1867 | D:3      | Reached XP level 4. HP: 30/30 MP: 4/4
  1992 | D:3      | Found a shadowy altar of Dithmenos.
  2774 | D:4      | Found a deep blue altar of Sif Muna.
  2830 | D:4      | Found a white marble altar of Elyvilon.
  2836 | D:4      | Noticed Blork the orc
  2843 | D:4      | Killed Blork the orc
  2843 | D:4      | Reached skill level 5 in Crossbows
  2843 | D:4      | Reached XP level 5. HP: 14/36 MP: 5/5
  3227 | D:4      | Reached XP level 6. HP: 42/43 MP: 6/6
  3378 | D:5      | Entered Level 5 of the Dungeon
  3422 | D:5      | Slain by a killer bee zombie

Skill      XL: |  1  2  3  4  5  6 |
---------------+-------------------+-----
Fighting       | 3 4 |  4.1
Dodging        | 3 4 |  4.1
Crossbows      | 5 |  5.4
Stealth        | |  1.3

Action                   |  1- 3 |  4- 6 || total
-------------------------+-------+-------++-------
 Fire: Hand crossbow     |    82 |    90 ||   172
Evoke: Wand              |       |     1 ||     1
  Use: Scroll            |       |     9 ||     9
       Potion            |       |     1 ||     1
  Eat: Chunk             |     2 |     2 ||     4
       Ration            |       |     1 ||     1
Armor: Skin              |     4 |     2 ||     6
Dodge: Dodged            |    23 |    21 ||    44
